Map: Concord LE

Players

MaulerX

  • Race: Protoss Protoss
  • League: Diamond
  • Spawn Location: 9:00

Mikhail

  • Race: Terran Terran
  • League: Platinum
  • Spawn Location: 6:00

Osiris - Winner!

  • Race: Protoss Protoss
  • League: Silver
  • Spawn Location: 3:00

Dubstepp

  • Race: Terran Terran
  • Spawn Location: 1:00

jdubya

  • Race: Terran Terran
  • League: Diamond
  • Spawn Location: 12:00

RealTimePwn

  • Race: Protoss Protoss
  • Spawn Location: 7:00

Alsadair

  • Race: Terran Terran
  • League: Platinum
  • Spawn Location: 3:00

boanaan

  • Race: Protoss Protoss
  • League: Master
  • Spawn Location: 6:00

VOD

Have the link to the VOD?

Description

Neuro DOJO night

Time

  • Played on: Jan. 9, 2021, 10:24 p.m.
  • Length: 30:56
Show
View Real Time Build Order
Export as new Build Order

MaulerX Protoss 

Build Orders: Carriers 

Get SALT Encoding   

  12  0:00  Probe  
  13  0:12  Probe  
  14  0:19  Pylon  
  14  0:24  Probe  
  15  0:37  Probe (Chrono Boost)  
  15  0:40  Forge  
  16  0:49  Probe (Chrono Boost)  
  17  0:53  Pylon  
  17  0:55  Probe (Chrono Boost)  
  18  1:05  Probe  
  19  1:13  Photon Cannon  
  19  1:17  Probe  
  20  1:29  Probe  
  21  1:38  Photon Cannon  
  21  1:39  Pylon  
  21  1:44  Probe  
  22  1:56  Probe (Chrono Boost)  
  22  1:57  Pylon  
  23  2:02  Assimilator  
  23  2:03  Gateway  
  23  2:08  Probe (Chrono Boost)  
  24  2:15  Probe (Chrono Boost)  
  25  2:20  Photon Cannon  
  25  2:22  Probe  
  25  2:31  Gateway  
  25  2:32  Pylon  
  25  2:34  Probe  
  26  2:38  Assimilator  
  26  2:46  Probe (Chrono Boost)  
  26  2:49  Pylon  
  28  2:58  Probe (Chrono Boost)  
  30  3:07  Probe (Chrono Boost)  
  30  3:09  Cybernetics Core  
  31  3:13  Probe  
  31  3:15  Photon Cannon, Pylon  
  31  3:18  Photon Cannon  
  30  3:30  Probe  
  31  3:46  Stalker x2, Protoss Ground Weapons Level 1 (Chrono Boost)  
  34  3:50  Warp Gate  
  33  3:56  Probe  
  34  4:07  Pylon  
  34  4:09  Probe  
  35  4:20  Stalker x2  
  35  4:21  Probe  
  40  4:36  Probe  
  41  4:48  Probe  
  42  5:00  Probe  
  42  5:07  Stalker x2  
  47  5:12  Probe  
  48  5:16  Shield Battery  
  48  5:19  Shield Battery  
  48  5:24  Probe  
  49  5:36  Probe  
  49  5:38  Nexus  
  49  5:40  Pylon  
  49  5:42  Stargate  
  50  5:43  Stargate  
  50  5:45  Stargate  
  50  5:48  Pylon, Probe  
  51  6:01  Probe  
  52  6:06  Stalker x2  
  56  6:13  Probe  
  57  6:25  Probe  
  58  6:37  Probe  
  58  6:38  Void Ray  
  63  6:49  Nexus  
  63  6:57  Protoss Ground Armor Level 1 (Chrono Boost)  
  63  7:05  Pylon  
  63  7:08  Assimilator  
  63  7:13  Assimilator  
  63  7:15  Probe  
  64  7:18  Assimilator  
  64  7:21  Assimilator  
  64  7:22  Void Ray (Chrono Boost)  
  68  7:32  Probe  
  69  7:42  Stalker x2  
  72  7:49  Void Ray (Chrono Boost)  
  73  8:09  Stalker  
  75  8:30  Void Ray  
  75  8:33  Probe x3  
  82  8:45  Probe x2  
  84  8:51  Probe  
  84  8:53  Stalker  
  84  8:54  Stalker  
  89  8:57  Probe  
  73  9:10  Probe x3  
  73  9:11  Void Ray x2 (Chrono Boost)  
  73  9:12  Void Ray (Chrono Boost)  
  64  9:18  Stalker x2  
  64  9:22  Probe  
  75  9:51  Stalker  
  75  9:52  Stalker  
  73  9:57  Void Ray (Chrono Boost)  
  73  10:00  Gateway  
  73  10:02  Gateway  
  73  10:03  Void Ray (Chrono Boost)  
  73  10:04  Gateway  
  77  10:16  Probe x2  
  77  10:21  Protoss Shields Level 1  
  79  10:28  Probe x2  
  81  10:40  Probe x2  
  81  10:44  Void Ray, Protoss Air Weapons Level 1 (Chrono Boost)  
  81  10:51  Zealot x2  
  71  11:07  Void Ray (Chrono Boost)  
  73  11:22  Void Ray (Chrono Boost)  
  69  11:29  Zealot x3  
  69  11:30  Zealot x2  
  83  11:36  Probe x2  
  85  11:48  Probe x2  
  85  11:51  Nexus  
  87  11:56  Sentry x2  
  87  12:01  Probe  
  92  12:10  Twilight Council  
  92  12:11  Probe  
  92  12:13  Probe  
  94  12:18  Pylon  
  94  12:23  Void Ray, Probe  
  94  12:25  Probe  
  100  12:35  Probe  
  101  12:37  Probe  
  101  12:38  Zealot x2  
  106  12:51  Probe x2, Assimilator  
  108  13:00  Protoss Shields Level 2 (Chrono Boost)  
  108  13:01  Protoss Air Armor Level 1  
  108  13:07  Probe x2  
  110  13:13  Void Ray  
  110  13:15  Probe  
  110  13:19  Probe  
  116  13:21  Sentry  
  116  13:22  Sentry  
  120  13:40  Probe  
  121  13:45  Nexus  
  121  13:47  Pylon  
  121  13:49  Pylon, Probe  
  121  13:50  Probe  
  121  13:52  Pylon  
  121  13:53  Probe  
  124  14:02  Probe  
  117  14:04  Void Ray x2  
  117  14:08  Zealot x5  
  121  14:32  Nexus  
  119  14:55  Zealot  
  119  14:56  Zealot x3  
  119  14:59  Pylon  
  127  15:00  Pylon, Probe x2  
  127  15:01  Probe  
  124  15:12  Probe  
  124  15:13  Probe  
  126  15:16  Pylon  
  126  15:18  Probe  
  127  15:27  Nexus  
  127  15:33  Nexus  
  127  15:51  Nexus  
  127  16:03  Stargate  
  127  16:04  Stargate  
  127  16:06  Fleet Beacon  
  127  16:11  Pylon, Assimilator  
  127  16:15  Assimilator x2  
  127  16:20  Pylon, Assimilator  
  127  16:36  Templar Archives  
  127  16:44  Protoss Ground Armor Level 2 (Chrono Boost)  
  127  16:49  Robotics Facility  
  127  16:55  Robotics Facility  
  127  17:03  Protoss Air Weapons Level 2 (Chrono Boost)  
  127  17:25  Carrier x2  
  127  17:26  Carrier  
  127  17:27  Carrier  
  151  17:47  Cybernetics Core  
  151  17:49  Forge  
  151  17:50  High Templar x4  
  151  17:51  High Templar  
  161  17:54  Archon x2  
  161  18:09  Probe x4  
  165  18:37  Carrier x4  
  189  18:43  Zealot  
  189  18:44  Zealot x4  
  199  18:52  Charge  
  199  19:01  Protoss Shields Level 3 (Chrono Boost)  
  199  19:23  Protoss Air Armor Level 2  
  195  19:41  Flux Vanes  
  195  19:44  Tempest, Protoss Ground Weapons Level 2 (Chrono Boost)  
  186  20:00  Protoss Air Weapons Level 3  
  192  20:07  Carrier  
  192  20:09  Tempest x2  
  147  20:35  Tempest x2  
  143  20:52  Tempest x2  
  149  21:01  Stalker  
  127  21:11  Tempest  
  102  21:18  Tempest x2  
  86  21:40  Stalker x3  
  86  21:41  Stalker x2  
  54  22:11  Stalker  
  54  22:12  Stalker x4  
  42  22:37  Assimilator  
Show
View Real Time Build Order
Export as new Build Order

Mikhail Terran 

Build Orders:  

Get SALT Encoding   

  12  0:01  SCV  
  13  0:13  SCV  
  14  0:30  Supply Depot  
  14  0:41  SCV  
  15  0:53  SCV  
  15  0:55  Barracks  
  16  0:58  Barracks  
  16  1:05  Barracks  
  16  1:19  Barracks  
  16  1:25  SCV  
  17  1:37  SCV  
  18  1:44  Marine  
  19  1:47  Bunker  
  19  1:51  Marine  
  20  2:02  Marine  
  20  2:05  Bunker  
  20  2:11  Marine x2  
  22  2:15  Orbital Command  
  21  2:35  Marine x3  
  23  2:45  Marine  
  23  2:52  Marine  
  23  3:00  Supply Depot  
  23  3:02  Marine x2  
  25  3:07  Marine  
  22  3:35  Marine x3  
Show
View Real Time Build Order
Export as new Build Order

Osiris Protoss - Winner!

Build Orders: Carriers 

Get SALT Encoding   

  12  0:02  Probe  
  13  0:14  Probe  
  13  0:19  Pylon  
  14  0:26  Probe  
  15  0:40  Gateway  
  15  0:44  Assimilator, Probe (Chrono Boost)  
  16  0:55  Probe (Chrono Boost)  
  17  0:59  Assimilator  
  17  1:00  Probe (Chrono Boost)  
  18  1:10  Probe (Chrono Boost)  
  19  1:21  Probe (Chrono Boost)  
  19  1:23  Forge  
  20  1:26  Probe (Chrono Boost)  
  21  1:36  Cybernetics Core, Probe  
  22  1:47  Pylon  
  22  1:57  Probe  
  23  2:05  Protoss Ground Weapons Level 1, Zealot  
  25  2:10  Probe  
  25  2:11  Warp Gate (Chrono Boost)  
  26  2:22  Probe  
  27  2:26  Photon Cannon  
  27  2:32  Stalker  
  27  2:34  Probe  
  30  2:46  Probe  
  31  3:09  Nexus  
  31  3:12  Pylon  
  31  3:15  Pylon  
  31  3:24  Pylon  
  31  3:30  Probe  
  32  3:40  Stargate  
  32  3:41  Stargate  
  32  3:42  Probe  
  33  3:52  Photon Cannon  
  33  3:54  Shield Battery  
  33  3:58  Probe  
  34  4:10  Photon Cannon, Probe  
  35  4:22  Probe, Zealot  
  38  4:30  Robotics Facility  
  38  4:38  Assimilator, Stargate  
  38  4:40  Probe (Chrono Boost)  
  38  4:43  Assimilator  
  38  4:45  Void Ray  
  39  4:48  Probe (Chrono Boost)  
  44  4:57  Zealot  
  44  4:59  Void Ray  
  50  5:15  Probe (Chrono Boost)  
  50  5:19  Void Ray, Probe (Chrono Boost)  
  52  5:27  Probe (Chrono Boost)  
  58  5:29  Observer (Chrono Boost)  
  58  5:31  Probe (Chrono Boost)  
  58  5:32  Probe (Chrono Boost)  
  60  5:56  Probe x2  
  62  5:57  Nexus  
  62  6:00  Pylon  
  62  6:02  Pylon  
  62  6:08  Stalker, Probe x2  
  66  6:17  Gateway  
  66  6:19  Gateway  
  66  6:20  Probe  
  67  6:35  Void Ray, Probe (Chrono Boost)  
  67  6:36  Void Ray, Probe (Chrono Boost)  
  69  6:45  Probe (Chrono Boost)  
  69  6:46  Probe (Chrono Boost)  
  79  6:50  Probe (Chrono Boost)  
  80  7:08  Observer  
  80  7:12  Stalker, Void Ray  
  80  7:13  Void Ray  
  82  7:18  Probe (Chrono Boost)  
  93  7:23  Probe x2 (Chrono Boost)  
  93  7:28  Probe (Chrono Boost)  
  94  7:31  Assimilator  
  94  7:32  Probe (Chrono Boost), Assimilator  
  94  7:33  Probe (Chrono Boost)  
  94  7:35  Probe (Chrono Boost)  
  97  7:37  Photon Cannon  
  97  7:40  Photon Cannon  
  97  7:43  Probe (Chrono Boost)  
  98  7:54  Fleet Beacon  
  98  8:05  Pylon  
  98  8:09  Pylon  
  98  8:17  Void Ray  
  98  8:21  Void Ray  
  98  8:23  Immortal  
  110  8:34  Zealot x3  
  116  8:42  Nexus, Pylon  
  116  8:43  Pylon  
  116  8:46  Pylon x3  
  116  8:49  Pylon x2  
  116  8:51  Pylon  
  116  8:54  Pylon  
  116  8:58  Mothership (Chrono Boost)  
  116  9:00  Pylon  
  124  9:03  Probe  
  124  9:04  Probe  
  126  9:15  Probe  
  126  9:16  Probe  
  128  9:22  Carrier  
  134  9:27  Probe  
  134  9:28  Probe  
  136  9:34  Shield Battery  
  136  9:36  Shield Battery  
  136  9:37  Shield Battery  
  136  9:40  Photon Cannon, Probe (Chrono Boost)  
  136  9:44  Photon Cannon  
  137  9:45  Shield Battery  
  137  9:47  Shield Battery, Probe (Chrono Boost)  
  139  9:53  Probe (Chrono Boost)  
  139  9:57  Carrier  
  139  9:58  Probe (Chrono Boost)  
  146  10:05  Observer  
  147  10:09  Carrier  
  153  10:18  Protoss Ground Armor Level 1  
  153  10:26  Twilight Council  
  153  10:27  Observer  
  154  10:30  Robotics Bay  
  154  10:36  Carrier  
  154  10:39  Zealot x3  
  166  10:45  Probe x3  
  166  10:46  Probe  
  166  10:48  Observer  
  171  10:57  Pylon, Probe  
  171  11:00  Pylon  
  171  11:02  Pylon  
  172  11:07  Photon Cannon  
  172  11:09  Photon Cannon  
  172  11:12  Photon Cannon  
  172  11:15  Photon Cannon  
  172  11:19  Photon Cannon, Probe x2  
  186  11:25  Carrier x2  
  186  11:38  Dark Shrine  
  186  11:41  Photon Cannon  
  186  11:42  Photon Cannon  
  186  11:45  Photon Cannon  
  186  11:47  Photon Cannon  
  186  11:49  Photon Cannon  
  186  11:50  Probe x2  
  186  11:51  Photon Cannon, Probe x2  
  190  11:54  Shield Battery  
  190  11:55  Shield Battery  
  190  11:57  Stalker x2  
  190  11:58  Shield Battery  
  194  12:02  Probe x2  
  196  12:11  Unknown  
  196  12:20  Void Ray  
  196  12:25  Nexus  
  196  12:28  Pylon, Protoss Ground Weapons Level 2 (Chrono Boost)  
  196  12:29  Pylon  
  200  12:31  Pylon  
  200  12:32  Charge (Chrono Boost)  
  200  12:34  Pylon, Protoss Air Weapons Level 1 (Chrono Boost)  
  200  12:52  Gravitic Boosters  
  200  13:06  Assimilator  
  200  13:08  Photon Cannon  
  200  13:11  Photon Cannon  
  200  13:14  Photon Cannon  
  200  13:16  Photon Cannon  
  200  13:18  Photon Cannon  
  200  13:20  Shield Battery  
  200  13:21  Shield Battery  
  200  13:23  Shield Battery  
  200  13:25  Assimilator  
  200  13:29  Assimilator x2  
  200  13:31  Photon Cannon  
  200  13:33  Photon Cannon x2  
  200  13:34  Photon Cannon x2  
  200  13:35  Photon Cannon  
  200  13:36  Photon Cannon x2  
  200  13:37  Shield Battery  
  200  13:38  Shield Battery  
  200  13:40  Photon Cannon  
  200  13:45  Shield Battery  
  200  14:29  Shield Battery  
  200  14:31  Shield Battery  
  200  14:32  Photon Cannon  
  200  14:33  Photon Cannon  
  200  14:35  Photon Cannon  
  200  14:42  Nexus  
  178  15:24  Dark Templar  
  178  15:25  Dark Templar  
  178  15:28  Dark Templar  
  184  15:51  Protoss Ground Weapons Level 3  
  184  16:02  Forge  
  184  16:05  Cybernetics Core  
  184  16:08  Forge  
  184  16:23  Observer  
  184  16:24  Tempest x3 (Chrono Boost)  
  200  16:43  Protoss Shields Level 1  
  200  16:45  Protoss Air Weapons Level 2 (Chrono Boost)  
  200  16:49  Protoss Ground Armor Level 2  
  200  16:51  Shadow Stride  
  199  17:24  Nexus  
  199  17:31  Pylon  
  199  17:34  Pylon  
  199  17:39  Pylon  
  199  17:40  Pylon  
  199  17:42  Pylon  
  199  17:43  Pylon  
  199  17:45  Pylon x2  
  199  17:46  Pylon  
  199  17:47  Observer  
  199  17:48  Pylon  
  199  17:49  Pylon x2  
  200  18:12  Photon Cannon  
  200  18:13  Gateway  
  200  18:16  Gateway  
  200  18:18  Gateway  
  200  18:21  Gateway  
  200  18:23  Gateway  
  200  18:24  Gateway  
  200  18:28  Stargate  
  200  18:30  Stargate  
  200  18:34  Stargate  
  200  18:38  Stargate  
  200  18:39  Stargate  
  200  18:41  Stargate x2  
  199  19:04  Stargate  
  199  19:06  Stargate  
  199  19:08  Protoss Air Armor Level 1 (Chrono Boost)  
  199  19:09  Assimilator  
  199  19:13  Assimilator  
  199  19:20  Shield Battery  
  199  19:22  Shield Battery  
  199  19:25  Shield Battery  
  199  19:26  Shield Battery  
  199  19:30  Protoss Shields Level 2  
  199  19:40  Protoss Ground Armor Level 3  
  185  20:25  Dark Templar x9  
  200  20:53  Oracle  
  199  21:14  Protoss Air Weapons Level 3 (Chrono Boost)  
  199  21:53  Protoss Shields Level 3  
  199  21:55  Shield Battery x2  
  199  21:57  Shield Battery  
  199  21:59  Shield Battery  
  199  22:00  Shield Battery  
  199  22:02  Shield Battery x2  
  199  22:04  Shield Battery  
  199  22:05  Shield Battery  
  199  22:10  Shield Battery x2  
  199  22:12  Shield Battery  
  199  22:24  Observer (Chrono Boost)  
  200  22:34  Nexus  
  200  22:36  Pylon  
  200  22:37  Pylon  
  200  22:39  Pylon  
  200  22:40  Pylon  
  200  22:43  Pylon  
  200  22:45  Pylon  
  200  22:48  Pylon  
  200  22:50  Pylon  
  200  22:57  Assimilator  
  200  23:00  Assimilator  
  200  23:15  Nexus  
  200  23:16  Pylon  
  200  23:19  Archon x5, Assimilator  
  200  23:20  Pylon  
  200  23:23  Pylon  
  200  23:27  Assimilator  
  200  23:31  Shield Battery  
  200  23:32  Shield Battery  
  200  23:34  Shield Battery  
  200  23:35  Shield Battery x2  
  200  23:37  Shield Battery  
  200  23:39  Shield Battery  
  200  23:56  Protoss Air Armor Level 2 (Chrono Boost)  
  200  24:59  Void Ray  
  187  25:03  Mothership  
  187  25:06  Carrier x4  
  183  25:14  Carrier x2  
  178  25:30  Carrier x3  
  175  25:51  Photon Cannon  
  175  25:53  Photon Cannon x3  
  175  25:54  Photon Cannon x2  
  175  25:56  Photon Cannon  
  175  25:57  Photon Cannon  
  175  25:58  Photon Cannon  
  175  25:59  Photon Cannon  
  175  26:02  Stalker x9  
  193  26:13  Carrier  
  191  26:30  Stalker x5  
  191  26:31  Stalker x3  
  197  26:36  Blink (Chrono Boost)  
  195  26:43  Carrier  
  195  26:50  Probe  
  195  26:51  Probe x3  
  199  26:57  Probe  
  175  27:27  Stalker x8  
  175  27:28  Stalker  
  193  27:33  Void Ray x5  
  173  27:58  Void Ray  
  173  27:59  Void Ray x5  
  179  28:10  Void Ray x5  
  183  28:29  Stalker x7  
  185  28:35  Void Ray  
  185  28:36  Void Ray x5  
  175  28:45  Dark Templar  
  175  28:47  Void Ray  
  197  28:52  Dark Templar  
  199  28:56  Archon  
  195  29:19  Tempest  
  194  29:39  Void Ray  
  194  29:42  Nexus  
  194  29:45  Pylon x2  
  198  29:48  Pylon  
  198  29:49  Pylon  
  198  29:50  Assimilator  
  198  29:51  Assimilator  
Show
View Real Time Build Order
Export as new Build Order

Dubstepp Terran 

Build Orders:  

Get SALT Encoding   

  12  0:12  Supply Depot  
  12  0:29  Refinery  
  12  0:35  Barracks  
  12  0:43  SCV  
  13  0:53  Barracks  
  13  0:59  SCV  
  14  1:12  SCV  
  15  1:24  Reaper  
  16  1:40  Orbital Command, Reaper  
  17  1:56  Reaper  
  18  2:15  Reaper  
  19  2:29  Reaper  
  17  2:47  Marine  
  16  3:01  Marine  
  16  3:05  Marine  
  15  3:18  Marine  
  16  3:23  Marine  
  17  3:36  Marine  
  17  3:41  Marine  
  19  3:54  Marine  
  20  3:59  Marine, SCV  
  22  4:14  Command Center  
  22  4:23  SCV  
  23  4:29  Bunker  
  23  4:58  Refinery  
  23  4:59  Supply Depot  
  23  5:03  Engineering Bay  
  23  5:05  Factory  
  23  5:21  Supply Depot  
  23  5:37  Supply Depot  
  23  5:45  Orbital Command  
  23  5:52  Widow Mine  
  25  6:04  Barracks Tech Lab  
  25  6:05  Barracks Reactor  
  25  6:07  SCV  
  26  6:19  Missile Turret  
  26  6:34  SCV x2  
  28  6:44  Starport  
  28  6:46  SCV x2  
  30  7:04  Marine x2  
  30  7:05  Marine  
  30  7:06  Widow Mine  
  34  7:13  Missile Turret, SCV x2  
  35  7:22  Fusion Core  
  35  7:27  Starport Tech Lab  
  35  7:36  Factory Tech Lab  
  35  7:38  Stimpack  
  35  7:40  SCV  
  35  7:43  SCV  
  37  8:00  Siege Tank  
  37  8:02  SCV x2  
  42  8:19  Sensor Tower, SCV x2  
  44  8:25  Missile Turret  
  44  8:39  Refinery  
  44  8:40  SCV x2  
  46  8:42  Refinery  
  46  8:48  Marine x3  
  47  8:55  SCV x2  
  45  9:06  Marine  
  44  9:19  SCV x2  
  44  9:21  Battlecruiser  
  52  9:30  Widow Mine  
  54  9:32  Marine x2  
  54  9:34  Marine  
  57  9:44  Weapon Refit  
  57  9:50  SCV  
  58  9:58  Widow Mine  
  61  10:00  SCV  
  61  10:02  SCV  
  62  10:20  Supply Depot  
  62  10:42  Widow Mine, SCV x2  
  66  10:56  SCV x2  
  68  10:57  Marine x3  
  69  11:08  SCV x2  
  71  11:12  Sensor Tower  
  71  11:14  Combat Shield  
  71  11:17  Medivac  
  73  11:27  Armory  
  73  11:30  SCV x2  
  73  11:31  Marine x3  
  78  11:42  SCV x2  
  80  11:50  Medivac  
  80  11:51  Marine x3  
  85  12:20  Marine  
  86  12:30  Supply Depot  
  86  12:33  Marine  
  86  13:05  Supply Depot  
  86  13:14  Terran Ship Weapons Level 1  
  86  13:15  Supply Depot  
  86  13:16  Supply Depot  
  86  13:22  Command Center  
  86  13:27  SCV, Battlecruiser, Marine, Hi-Sec Auto Tracking  
  86  13:28  Supply Depot, Starport  
  94  13:37  Marine x2, Hellbat, SCV  
  94  13:39  SCV  
  100  13:42  Supply Depot  
  101  13:49  SCV  
  101  13:51  Marauder, Concussive Shells  
  101  13:55  Missile Turret  
  103  14:04  Starport  
  103  14:05  Missile Turret, SCV x2  
  105  14:14  Marine  
  105  14:15  Marine, Marauder  
  115  14:17  SCV  
  115  14:18  SCV  
  115  14:19  Starport Reactor  
  115  14:21  Missile Turret, Hellbat  
  113  14:32  Command Center  
  113  14:34  Battlecruiser  
  113  14:35  Marine x2  
  121  14:52  Marine  
  122  14:53  Marine, Hellbat  
  125  15:12  Marine x2  
  125  15:13  Marine  
  86  15:27  Viking x2  
  85  15:30  Starport Reactor, Marine  
  85  15:33  Terran Ship Weapons Level 2  
  86  15:36  Missile Turret  
  86  15:39  Missile Turret  
  86  15:40  Marine x2, Missile Turret  
  86  15:41  Planetary Fortress  
  82  15:44  Missile Turret  
  82  15:48  Marine, Missile Turret x2  
  82  15:49  Missile Turret  
  83  15:51  Refinery  
  83  15:54  Refinery  
  83  15:55  SCV x2  
  85  16:11  Viking x2  
  89  16:15  Viking  
  91  16:30  SCV x3  
  94  16:46  Marine  
  94  16:47  Marine x2  
  95  16:48  Command Center, Viking x2  
  95  16:51  Thor  
  107  16:56  SCV  
  108  17:24  Viking x3  
  108  17:25  Viking x2  
  108  17:27  Marine, Marauder  
  108  17:28  Marine  
  122  17:32  Terran Infantry Weapons Level 1  
  122  17:39  Thor  
  128  17:45  Planetary Fortress  
  128  17:57  Battlecruiser  
  128  17:58  Viking  
  136  17:59  Viking  
  138  18:07  Planetary Fortress  
  138  18:18  Marine x2  
  138  18:19  Marauder  
  142  18:20  Viking x2  
  142  18:25  SCV x3  
  142  18:26  SCV  
  150  18:30  Terran Ship Weapons Level 3  
  150  18:36  Smart Servos  
  150  18:45  Marine x3  
  150  18:47  Viking x2  
  157  18:48  SCV  
  157  18:49  SCV x4  
  162  18:59  Supply Depot  
  162  19:01  SCV x4  
  166  19:02  Marine  
  166  19:07  Refinery  
  167  19:10  Refinery  
  167  19:16  Refinery x2  
  167  19:20  Viking  
  167  19:21  Viking  
  167  19:22  Supply Depot  
  171  19:26  Terran Infantry Weapons Level 2  
  171  19:32  SCV  
  172  19:39  Missile Turret  
  172  19:41  Missile Turret x2  
  172  19:46  Raven  
  172  19:47  Viking  
  172  19:50  Viking  
  178  19:53  Supply Depot  
  178  20:03  Marine x2, Marauder  
  178  20:05  Viking x2  
Show
View Real Time Build Order
Export as new Build Order

jdubya Terran 

Build Orders:  

Get SALT Encoding   

  12  0:00  SCV  
  13  0:12  SCV  
  14  0:21  Supply Depot  
  14  0:25  SCV  
  15  0:30  Refinery  
  15  0:43  SCV  
  15  0:45  Barracks  
  16  0:55  SCV  
  17  1:07  SCV  
  17  1:10  Barracks  
  18  1:19  SCV  
  18  1:22  Refinery  
  19  1:31  SCV  
  20  1:33  Reaper  
  21  1:57  SCV  
  21  1:59  Reaper  
  23  2:12  Bunker  
  23  2:21  Reaper  
  23  2:25  Supply Depot  
  23  2:27  Supply Depot  
  23  2:33  SCV  
  23  2:35  Reaper  
  7  4:15  Supply Depot  
  5  4:19  Barracks Tech Lab  
  5  4:22  Barracks Reactor  
  4  5:32  Reaper x2  
  6  6:23  Supply Depot  
  6  6:29  SCV  
  7  6:43  SCV  
  8  6:55  SCV  
  9  7:03  Reaper  
  10  7:10  SCV  
  11  7:24  SCV  
  12  7:36  SCV  
  13  7:43  Reaper x2  
  15  7:57  Orbital Command  
  15  8:12  Refinery  
  15  8:17  Refinery  
  15  8:28  SCV  
  16  8:40  SCV  
  17  8:51  Marine  
  17  8:52  SCV  
  19  9:04  SCV  
  20  9:16  SCV  
  21  9:18  Barracks Tech Lab  
  21  9:20  Barracks Reactor  
  21  9:28  SCV  
  22  9:34  Supply Depot  
  22  9:41  Stimpack  
  22  9:46  SCV  
  23  9:56  Marine  
  23  9:57  Marine  
  23  9:58  Marine  
  26  10:14  Marine x2, SCV  
  27  10:16  Marine  
  30  10:24  Factory  
  30  10:31  Supply Depot  
  30  10:41  SCV  
  31  10:51  Supply Depot  
  31  10:53  SCV  
  32  11:13  Bunker  
  32  11:14  Supply Depot  
  32  11:19  Bunker  
  32  11:22  Marine  
  32  11:23  Marine  
  34  11:32  Siege Tank  
  37  11:35  Bunker  
  37  11:40  Supply Depot  
  37  11:45  Barracks Tech Lab  
  37  11:49  Ghost Academy  
  28  12:37  Starport  
  28  12:38  Starport  
Show
View Real Time Build Order
Export as new Build Order

RealTimePwn Protoss 

Build Orders:  

Get SALT Encoding   

  12  0:11  Probe  
  13  0:20  Pylon  
  13  0:23  Probe (Chrono Boost)  
  14  0:37  Assimilator  
  14  0:45  Probe  
  14  0:47  Gateway  
  15  0:57  Probe (Chrono Boost)  
  15  1:02  Forge  
  16  1:09  Probe (Chrono Boost)  
  17  1:15  Probe (Chrono Boost)  
  18  1:23  Probe  
  19  1:38  Pylon  
  19  1:51  Photon Cannon  
  19  1:59  Photon Cannon  
  19  2:03  Zealot (Chrono Boost)  
  19  2:06  Probe  
  19  2:26  Zealot (Chrono Boost)  
  18  2:35  Probe  
  14  2:46  Photon Cannon  
  14  2:47  Probe, Zealot  
  14  2:50  Pylon  
  12  2:59  Probe  
  12  3:11  Probe  
  12  3:24  Probe (Chrono Boost)  
  12  3:27  Zealot  
  14  3:36  Probe (Chrono Boost)  
  12  4:02  Probe  
  13  4:39  Pylon  
  8  6:31  Pylon  
Show
View Real Time Build Order
Export as new Build Order

Alsadair Terran 

Build Orders: Command Center First (CC) 

Get SALT Encoding   

  12  1:42  SCV  
  13  1:54  SCV  
  13  1:56  Supply Depot  
  14  2:06  SCV  
  15  2:31  Command Center  
  15  2:34  SCV  
  16  2:50  SCV  
  16  2:51  Barracks  
  17  3:01  Refinery  
  17  3:02  SCV  
  18  3:14  SCV  
  19  3:27  SCV  
  20  3:34  Refinery  
  20  3:39  Supply Depot, Orbital Command  
  20  3:43  Orbital Command  
  20  4:07  Supply Depot  
  20  4:11  Factory  
  20  4:16  SCV  
  21  4:18  SCV  
  22  4:25  Refinery  
  22  4:28  SCV  
  22  4:30  SCV  
  24  4:40  SCV  
  24  4:42  SCV  
  26  4:52  SCV  
  27  4:55  SCV  
  27  4:58  Starport  
  28  5:04  SCV  
  29  5:10  Command Center  
  29  5:16  SCV  
  29  5:19  SCV  
  31  5:29  SCV  
  31  5:31  Refinery, SCV  
  31  5:34  Starport  
  33  5:38  Starport Tech Lab  
  33  5:40  Fusion Core  
  33  5:41  SCV  
  34  5:43  SCV  
  35  5:53  Marine, SCV  
  35  5:56  SCV  
  41  6:08  SCV  
  41  6:09  SCV  
  43  6:15  Starport Tech Lab  
  43  6:18  Starport  
  43  6:20  SCV  
  43  6:22  SCV  
  42  6:27  Battlecruiser  
  48  6:34  SCV  
  48  6:38  Refinery, SCV  
  50  6:46  SCV  
  51  6:47  Weapon Refit  
  51  6:50  Armory  
  51  6:51  SCV  
  52  6:58  SCV  
  53  7:02  Refinery, Supply Depot  
  53  7:03  Starport Tech Lab, SCV  
  54  7:10  SCV  
  54  7:12  Starport Tech Lab  
  54  7:15  SCV  
  56  7:17  SCV  
  56  7:22  SCV  
  58  7:25  Supply Depot  
  58  7:27  SCV  
  58  7:29  Command Center, SCV  
  60  7:31  Battlecruiser  
  66  7:39  SCV  
  66  7:41  SCV  
  68  7:51  SCV  
  68  7:53  SCV  
  68  7:57  Battlecruiser  
  76  7:59  Battlecruiser  
  76  8:03  SCV  
  83  8:09  Supply Depot  
  83  8:10  Supply Depot  
  83  8:11  Supply Depot  
  83  8:12  Terran Ship Weapons Level 1  
  83  8:18  SCV  
  84  8:27  Engineering Bay  
  84  8:30  SCV  
  85  8:35  Battlecruiser  
  91  8:42  SCV  
  91  8:43  Refinery  
  92  8:54  Starport, SCV  
  93  9:02  Sensor Tower  
  93  9:03  SCV  
  93  9:04  SCV  
  93  9:06  SCV  
  93  9:07  Refinery, SCV  
  97  9:13  Sensor Tower  
  97  9:16  SCV x2  
  99  9:18  SCV  
  99  9:19  SCV  
  101  9:26  Armory  
  101  9:28  SCV  
  102  9:31  Supply Depot  
  102  9:36  Supply Depot  
  102  9:37  Supply Depot  
  102  9:41  Sensor Tower  
  102  9:42  Battlecruiser  
  108  9:56  Supply Depot  
  108  9:58  Battlecruiser  
  114  10:08  Command Center  
  114  10:12  Refinery  
  114  10:14  Orbital Command  
  114  10:17  Sensor Tower, Terran Vehicle And Ship Armor Level 1  
  114  10:18  Terran Ship Weapons Level 2  
  114  10:33  Battlecruiser  
  120  10:38  Refinery  
  120  10:42  Barracks  
  120  10:43  Barracks  
  120  10:44  Barracks x2  
  120  10:49  Battlecruiser  
  126  10:52  Engineering Bay  
  126  10:53  Terran Infantry Weapons Level 1  
  126  11:01  SCV  
  126  11:02  Sensor Tower, SCV x2  
  129  11:11  Barracks Tech Lab  
  129  11:13  Battlecruiser, SCV  
  129  11:14  SCV x2  
  138  11:26  SCV  
  138  11:31  Barracks  
  139  11:33  Barracks x2  
  139  11:34  Starport  
  139  11:37  Battlecruiser, Starport  
  145  11:48  Command Center  
  145  11:53  Refinery  
  145  11:58  Battlecruiser  
  145  12:01  Refinery  
  151  12:06  Supply Depot  
  151  12:07  Supply Depot  
  151  12:09  Supply Depot  
  151  12:11  Planetary Fortress  
  151  12:13  Orbital Command  
  151  12:23  Sensor Tower  
  151  12:30  Supply Depot x2, Battlecruiser  
  151  12:31  Supply Depot  
  151  12:34  Starport Tech Lab  
  151  12:35  Starport Tech Lab  
  151  12:36  Starport Tech Lab  
  157  12:41  Terran Ship Weapons Level 3, Battlecruiser, Terran Vehicle And Ship Armor Level 2  
  162  12:50  Barracks Reactor x4  
  162  12:51  Barracks Reactor  
  162  12:53  Barracks Reactor, Supply Depot  
  162  12:55  Supply Depot  
  162  12:57  Supply Depot  
  162  13:08  Battlecruiser  
  168  13:25  Battlecruiser  
  174  13:27  Barracks Reactor  
  174  13:29  Combat Shield  
  174  13:32  Terran Infantry Armor Level 1, Hi-Sec Auto Tracking  
  173  13:38  Battlecruiser  
  179  13:56  Battlecruiser  
  179  14:00  Battlecruiser  
  179  14:02  Command Center  
  191  14:24  Starport  
  191  14:26  Starport  
  191  14:28  Orbital Command  
  191  14:44  Terran Infantry Weapons Level 2  
  191  15:04  Starport Tech Lab x2  
  191  15:08  Starport  
  191  15:09  Starport  
  191  15:18  Battlecruiser  
  191  15:20  Sensor Tower  
  197  15:31  Orbital Command  
  197  15:44  Refinery  
  197  15:48  Starport  
  197  15:52  Starport  
  197  15:53  Starport Tech Lab x2  
  197  15:54  Starport  
  197  15:55  Starport  
  197  15:59  Terran Vehicle And Ship Armor Level 3  
  197  16:00  Terran Infantry Armor Level 2  
  196  16:09  Refinery  
  196  16:28  Starport  
  196  16:30  Starport Tech Lab  
  196  16:31  Starport Tech Lab x2  
  196  16:32  Starport  
  196  16:40  Starport Tech Lab  
  196  16:43  Starport  
  196  16:44  Starport  
  196  16:45  Starport  
  196  16:47  Starport  
  196  17:05  SCV  
  197  17:17  SCV  
  197  17:20  Command Center  
  198  17:23  Command Center  
  198  17:24  Command Center  
  198  17:29  SCV  
  199  17:43  Starport Tech Lab x4  
  199  17:44  Sensor Tower  
  199  17:51  Starport Tech Lab  
  199  17:53  Starport Tech Lab  
  199  18:04  Command Center  
  199  18:21  Starport  
  198  18:37  Command Center  
  198  18:53  Command Center  
  198  19:14  Orbital Command x3  
  196  19:58  Planetary Fortress  
  187  20:29  Battlecruiser x2  
  187  20:30  Battlecruiser x2  
  187  20:45  Battlecruiser x2  
  193  21:07  Battlecruiser  
  181  21:52  Battlecruiser x4  
  187  22:02  Battlecruiser x3  
  193  22:10  Battlecruiser  
  193  22:11  Battlecruiser  
  199  23:17  Command Center  
  199  23:25  Starport Reactor  
  184  23:51  Battlecruiser  
  184  23:52  Battlecruiser  
  196  24:30  Refinery  
  196  24:56  Refinery  
  190  25:02  Battlecruiser  
  190  25:03  Battlecruiser x4  
  184  25:13  Raven  
  162  25:18  Battlecruiser x5  
  168  25:29  Battlecruiser x3  
  168  25:30  Battlecruiser x3  
  187  26:02  Battlecruiser x2  
  173  26:29  Battlecruiser x4  
  181  26:51  Battlecruiser x2  
  181  26:52  Banshee  
  196  27:06  Liberator  
  197  27:17  Battlecruiser  
  161  27:55  Battlecruiser x5  
  161  27:56  Battlecruiser  
  191  28:02  Marine x14  
  199  28:19  Marine  
  187  28:20  Marine x13  
  171  28:37  Marine  
  171  28:38  Marine x3  
  171  28:40  Battlecruiser  
  175  28:46  Command Center  
  169  28:53  Command Center  
  169  29:01  Marine x2  
  169  29:02  Marine x4  
  110  29:27  Orbital Command  
  110  29:31  Marine x3  
  110  29:32  Marine x6  
  110  29:33  Marine x5  
  124  29:49  Marine x4  
  128  29:59  Refinery  
  127  30:06  Marine  
  127  30:07  Marine x6  
  123  30:08  Marine x5  
  123  30:09  Marine x2  
Show
View Real Time Build Order
Export as new Build Order

boanaan Protoss 

Build Orders:  

Get SALT Encoding   

  12  0:00  Probe  
  13  0:12  Probe  
  14  0:18  Pylon  
  14  0:25  Probe  
  15  0:37  Probe  
  15  0:42  Gateway  
  16  0:49  Probe  
  17  0:56  Gateway  
  17  1:01  Assimilator  
  17  1:05  Probe  
  18  1:17  Gateway  
  18  1:19  Probe  
  19  1:33  Cybernetics Core  
  19  1:38  Zealot (Chrono Boost)  
  21  1:52  Pylon  
  21  2:06  Stalker (Chrono Boost)  
  21  2:07  Stalker (Chrono Boost)  
  25  2:15  Shield Battery  
  25  2:18  Assimilator  
  25  2:22  Probe  
  26  2:35  Probe  
  26  2:36  Warp Gate  
  25  2:38  Stalker  
  27  2:47  Probe  
  28  2:59  Pylon  
  28  3:00  Stalker  
  28  3:02  Probe  
  31  3:17  Stalker  
  33  3:25  Stalker  
  35  3:38  Shield Battery x2  
  35  3:39  Stalker  
  33  4:13  Pylon  
  33  4:31  Probe  
  34  4:35  Stalker x2  
  38  4:43  Probe  
  39  4:45  Nexus  
  39  4:49  Pylon  
  40  5:07  Probe  
  40  5:08  Stalker x2  
  44  5:18  Stalker  
  44  5:19  Probe  
  47  5:41  Stargate  
  47  5:42  Stargate  
  47  5:57  Probe  
  47  6:03  Probe  
  49  6:09  Probe  
  50  6:12  Robotics Facility  
  50  6:15  Robotics Facility, Probe  
  51  6:21  Shield Battery, Probe  
  51  6:25  Void Ray (Chrono Boost)  
  52  6:27  Probe  
  53  6:33  Probe  
  58  6:42  Void Ray (Chrono Boost)  
  62  7:02  Pylon  
  62  7:04  Pylon  
  62  7:05  Pylon  
  62  7:11  Immortal  
  62  7:12  Immortal  
  62  7:20  Probe (Chrono Boost)  
  62  7:21  Probe (Chrono Boost)  
  74  7:30  Probe x2 (Chrono Boost)  
  74  7:35  Probe x2 (Chrono Boost)  
  74  7:36  Pylon  
  74  7:38  Pylon  
  76  7:48  Probe  
  77  7:56  Probe  
  78  7:58  Void Ray x2 (Chrono Boost)  
  78  8:00  Probe  
  82  8:23  Probe  
  82  8:26  Probe  
  80  8:27  Zealot x3  
  80  8:29  Assimilator  
  80  8:33  Assimilator  
  86  8:35  Twilight Council, Probe  
  86  8:36  Gateway  
  86  8:38  Gateway  
  87  8:48  Stalker  
  87  8:49  Stalker x2  
  87  8:50  Probe x2  
  91  9:15  Stalker x3, Probe  
  91  9:16  Probe  
  99  9:27  Probe  
  99  9:28  Probe  
  99  9:29  Nexus  
  99  9:30  Pylon  
  91  9:40  Probe x2  
  83  9:50  Stalker  
  83  9:51  Stalker x4  
  93  9:57  Immortal (Chrono Boost)  
  97  10:05  Void Ray (Chrono Boost)  
  87  10:09  Immortal (Chrono Boost)  
  89  10:22  Shield Battery  
  89  10:26  Void Ray (Chrono Boost)  
  93  10:42  Immortal  
  92  10:51  Stalker x3  
  92  10:52  Stalker  
  95  11:02  Void Ray (Chrono Boost)  
  75  11:05  Stalker  
  73  11:16  Stalker x2  
  73  11:17  Stalker  
  72  11:22  Void Ray (Chrono Boost)  
  71  11:43  Void Ray (Chrono Boost)  
  71  11:48  Probe  
  76  12:08  Stalker x4  
  74  12:13  Zealot  
  80  12:52  Templar Archives  
  80  12:54  Zealot x4  
  80  12:55  Zealot  
  90  13:02  Nexus  
  90  13:32  High Templar x2  
  90  13:33  High Templar x2  
  98  13:34  Zealot  
  98  13:36  Archon x2  
  100  13:44  Pylon  
  100  13:45  Pylon  
  100  13:47  Nexus  
  60  14:10  High Templar x2  
  60  14:11  Stalker x3  
  60  14:14  Archon  
  61  14:43  High Templar x2, Zealot x2  
  61  14:44  Zealot  
  65  14:48  Archon  
Tags
 
Add a new tag
Caveats
  • Supply blocks, unpowered buildings, or Contaminate may cause inaccurate times.
  • Supply counts are checked every 10 seconds.